 Dungeon Crawl Stone Soup version 0.30.1-9-gdf580d7c3d (webtiles) character file.

Game seed: 5253016636545897454

877 ringo67 the Skirmisher (level 8, 0/48 HPs)
             Began as a Tengu Hunter on Sept 29, 2023.
             Was an Initiate of Hepliaklqana.
             Slain by an orc wizard
             ... wielding a +0 dagger
              (3 damage)
             ... on level 5 of the Dungeon.
             The game lasted 00:11:00 (5103 turns).

ringo67 the Skirmisher (Tengu Hunter)               Turns: 5103, Time: 00:11:02

Health: 0/48       AC:  5    Str: 12    XL:     8   Next: 4%
Magic:  9/9        EV: 16    Int:  9    God:    Hepliaklqana [......]
Gold:   142        SH:  5    Dex: 20    Spells: 7/7 levels left

rFire   . . .        a - +0 shortbow
rCold   . . .        (shield currently unavailable)
rNeg    . . .        h - +0 ring mail
rPois   .            (helmet restricted)
rElec   .            (no cloak)
rCorr   +            (no gloves)
SInv    .            (boots unavailable)
Will    .....        e - amulet of reflection
Stlth   +            o - ring of resist corrosion
HPRegen 0.28/turn    (no ring)
MPRegen 0.11/turn

%: reflection
@: about to teleport, flying quickly and evasively, quick
A: beak, talons 3, nimble flight
a: Renounce Religion


You were on level 5 of the Dungeon.
You worshipped Hepliaklqana.
Hepliaklqana was noncommittal.
You visited 2 branches of the dungeon, and saw 6 of its levels.

You collected 142 gold pieces.

Inventory:

Hand Weapons
 a - a +0 shortbow (weapon)
 b - a +2 mace of venom
 r - a +6 short sword
Armour
 h - a +0 ring mail (worn)
Jewellery
 e - an amulet of reflection (around neck)
 g - an amulet of guardian spirit
 o - a ring of resist corrosion (left hand)
Wands
 s - a wand of polymorph (14)
 u - a wand of quicksilver (11)
Scrolls
 c - 3 scrolls of identify {unknown}
 d - 2 scrolls of immolation
 f - a scroll of poison
 j - a scroll of amnesia {unknown}
 k - a scroll of noise
 p - a scroll of silence {unknown}
 q - a scroll of butterflies {unknown}
Potions
 l - 3 potions of curing {unknown}
 m - 2 potions of haste {unknown}
 n - a potion of heal wounds {unknown}
 t - a potion of attraction {unknown}


   Skills:
 + Level 4.7 Fighting
 * Level 8.2 Ranged Weapons
 + Level 5.3 Dodging
 - Level 1.0 Stealth


You had 7 spell levels left.
You didn't know any spells.
Your spell library contained the following spells:

 Spells                   Type           Power      Damage    Failure   Level
 Slow                     Hex            0%         N/A       67%         1
 Confusing Touch          Hex            0%         N/A       95%         3
 Vampiric Draining        Necr           0%         2d6       95%         3


Dungeon Overview and Level Annotations

Branches:
Dungeon (5/15)             Temple (1/1) D:4

Altars:
Ashenzari
Dithmenos
Elyvilon
Fedhas
Hepliaklqana
Kikubaaqudgha
Makhleb
Qazlal
Sif Muna
Uskayaw
Vehumet
Wu Jian
Xom
Yredelemnul

Shops:
D:2 *


Innate Abilities, Weirdness & Mutations

You have a beak for a mouth.
You have claws for feet.
Your magical nature lets you fly swiftly and evasively.


Message History

The jackal misses you. The jackal bites you.
You hear some strange, mumbled words.
Something tries to affect you, but you resist.
The jackal bites you but does no damage.
Fire: a) +0 shortbow
Press: ? - help, Q - select action, (/) - cycle Shift-Dir - straight line, f/p - jackal
Aim: a jackal (62% to hit)
You shoot an arrow. The arrow barely misses the jackal.
You block the jackal's attack. Something hits you but does no damage.
The jackal barely misses you. x2
Fire: a) +0 shortbow
Press: ? - help, Q - select action, (/) - cycle Shift-Dir - straight line, f/p - jackal
Aim: a jackal (62% to hit)
You shoot an arrow.
The arrow hits the jackal but does no damage.
The jackal misses you. x2; Something barely misses you.
The jackal bites you. The jackal closely misses you.
Fire: a) +0 shortbow
Press: ? - help, Q - select action, (/) - cycle Shift-Dir - straight line, f/p - jackal
Aim: a jackal (62% to hit)
You shoot an arrow. The arrow hits the jackal!
You kill the jackal!
Something barely misses you.
The orc priest invokes the aid of Beogh against you.
Beogh smites you! You block the jackal's attack.
As you read the scroll labelled XOLY GUTZOTAA, it crumbles to dust.
You hear a loud clanging noise!
It was a scroll of noise.
You hear a shout!
The jackal barely misses you. x2; Something hits you.
The orc priest invokes the aid of Beogh against you.
Pain shoots through your body!
As you read the scroll labelled KUYF WOXOQY, it crumbles to dust.
You feel strangely unstable.
It was a scroll of teleportation.
You block the jackal's attack.
The orc priest calls down the wrath of Beogh upon you.
Beogh smites you!
* * * LOW HITPOINT WARNING * * *
Something hits you.
You die...

#...............))..#.).........#
#.....######.☼§§§○..#...).......#
#.....# ###..○§§☼..#...........#
####### #....○§§§..#####)..#####
.# #######.##..§§#### #...# .#
#..>........§§☼..# #>..#### .#
#........#..#h##.#####...#.o## .#
#........#..#h##§#§○§.....#..# .#
#........#..#@{§§§☼○☼......#.# .#
#......#.#..#o##§#§§§.......#. ##
#......#.#..§o...#####.>.##..#
#......#...§§§○§....##...###..
##############§##☼####.##...# .#
......########○##☼####.##...# ..
.####........§§##☼##.......## .#
.....(###########§##.#.##### l.
...#..# #.##.#.# .#


You could see an orc priest, an orc and 2 jackals.

Vanquished Creatures
  A black bear (D:4)
  An ice beast (D:5)
  An ogre (D:5)
  A phantom (D:5)
  A vampire bat (D:3)
  3 hounds
  3 iguanas (D:4)
  2 orc wizards (D:5)
  9 adders
  A white imp (D:5)
  2 ufetubi
  A worm (D:4)
  2 dart slugs
  3 fire bats (D:3)
  11 orcs
  2 spectral bats (D:3)
  6 ball pythons
  3 bat skeletons (D:3)
  A bat zombie (D:3)
  9 endoplasms
  4 giant cockroaches
  3 goblins
  3 hobgoblins
  A jackal (D:5)
  10 kobolds
  5 quokkas
  13 bats
  A bat simulacrum (D:3)
  4 frilled lizards
  3 rats
110 creatures vanquished.

Notes
Turn   | Place    | Note
-------+----------+-------------------------------------------
     0 | D:1      | ringo67 the Tengu Hunter began the quest for the Orb.
     0 | D:1      | Reached XP level 1. HP: 12/12 MP: 2/2
   121 | D:1      | Reached XP level 2. HP: 17/17 MP: 3/3
   749 | D:2      | Found Vynas's Assorted Antiques.
   763 | D:1      | Reached XP level 3. HP: 19/22 MP: 4/4
   905 | D:2      | Reached skill level 5 in Ranged Weapons
  1120 | D:2      | Reached XP level 4. HP: 26/27 MP: 3/5
  2348 | D:3      | Gained mutation: Your magical nature lets you fly swiftly
                  | and evasively. [Tengu growth]
  2348 | D:3      | Reached XP level 5. HP: 31/32 MP: 6/6
  2394 | D:3      | Reached skill level 6 in Ranged Weapons
  2846 | D:4      | Reached XP level 6. HP: 22/37 MP: 7/7
  3298 | D:4      | Identified the +8 dagger of Disarray {flame, rPois Will+
                  | MP-9}
  3391 | D:4      | Noticed a black bear
  3416 | D:4      | Killed a black bear
  3417 | D:4      | Reached skill level 7 in Ranged Weapons
  3486 | D:4      | Reached XP level 7. HP: 32/42 MP: 8/8
  3535 | D:4      | Found a staircase to the Ecumenical Temple.
  3549 | Temple   | Entered the Ecumenical Temple
  3650 | Temple   | Became a worshipper of Hepliaklqana the Forgotten
  3900 | D:5      | Entered Level 5 of the Dungeon
  4916 | D:5      | Reached skill level 5 in Dodging
  5007 | D:5      | Reached skill level 8 in Ranged Weapons
  5007 | D:5      | Reached XP level 8. HP: 48/48 MP: 9/9
  5103 | D:5      | Slain by an orc wizard

Illustrated notes

Levels and vault maps discovered:
D:1:      tarquinn_simple_flora_water_c, layout_loops_ring, corner_web_ring,
          serial_bayou_pond_c
D:2:      layout_loops_ring, serial_shops, shop, minmay_strange_pillars
D:3:      layout_basic, goddamned_bats
D:4:      layout_loops_cross, minmay_temple_entry_mist
D:5:      layout_loops_cross, hangedman_abyss_or_decor_slice,
          kennysheep_small_circle
Temple:   eino_temple_water

Skill      XL: |  1  2  3  4  5  6  7 |
---------------+----------------------+-----
Ranged Weapons | 5 6 7 8 |  8.2
Dodging        | 3 4 5 |  5.3
Fighting       | 3 4 |  4.7
Stealth        | |  1.0

Action                     |  1- 3 |  4- 6 |  7- 9 || total
---------------------------+-------+-------+-------++-------
  Melee: Shortbow          |       |       |     5 ||     5
         Kick              |       |       |     1 ||     1
   Fire: Shortbow          |    71 |   162 |   120 ||   353
    Use: Scroll            |       |       |     3 ||     3
 Armour: Ring mail         |    16 |    52 |    20 ||    88
         Leather armour    |     1 |       |       ||     1
  Dodge: Dodged            |    20 |    96 |    62 ||   178
  Block: Other             |       |    43 |    24 ||    67
         Reflection        |       |     1 |       ||     1
